[Event "Charlotte IM-C May 2022"]
[Site "Charlotte"]
[Date "2022.05.07"]
[Round "5.4"]
[White "Rorrer, Grayson"]
[Black "Johnson, Donald"]
[Result "0-1"]
[ECO "B90"]
[WhiteElo "2204"]
[BlackElo "2102"]
[Annotator "TA"]
[PlyCount "66"]
[EventDate "2022.05.04"]
[EventType "tourn"]
[EventCountry "USA"]
[SourceTitle "playchess.com"]
[Source "ChessBase"]
[SourceQuality "1"]
[TimeControl "5400+30"]

1. e4 c5 2. Nf3 d6 3. d4 cxd4 4. Nxd4 Nf6 5. Nc3 a6 6. h3 e5 {[%emt 0:00:02] 6...e5 is better than 6...e6.} 7. Nf3 {[%emt 0:00:09] B90: Sicilian Najdorf: Unusual White 6th moves, 6 Be3 Ng4 and 6 Be3 e5.} Be7 8. Bc4 Be6 9. Bb3 {[%emt 0:00:44] The position is equal.} O-O 10. O-O h6 11. Be3 Nc6 12. Nh4 {[#]} Na5 $146 ({Predecessor:} 12... Bxb3 13. axb3 Nxe4 14. Nxe4 Bxh4 15. Qxd6 Be7 16. Qxd8 Rfxd8 17. g4 Nb4 18. c4 Nc2 {1-0 (37) Lintchevski,D (2516)-Giri,A (2783) St Petersburg 2018}) 13. Bxe6 fxe6 14. Ng6 Rf7 15. f4 (15. Qe2 $11) 15... Nc4 $15 16. Qe2 Nxe3 ({Better is} 16... Rc8 $15) 17. Qxe3 $11 Nd7 18. Qg3 (18. f5 $11 Bg5 19. Qe2 Qb6+ 20. Kh1 exf5 21. exf5) 18... exf4 19. Nxf4 {[%emt 0:00:41] [#] This move loses the game for White.} (19. Nxe7+ $17 {keeps fighting.} Rxe7 20. Rxf4 (20. Qxf4 Qb6+ 21. Kh2 Ne5 $17)) 19... Qb6+ $1 $19 20. Kh2 {[%emt 0:00:31] [#]} Bf6 21. Nd3 ({But not} 21. Nxe6 $2 Be5 22. Nf4 Qxb2 $19) 21... Ne5 22. Kh1 Nxd3 23. Qxd3 Qxb2 24. Ne2 Qb5 25. c4 (25. Rac1 $17) 25... Qc6 26. Rad1 Raf8 27. Nf4 (27. Nd4 $17 {is a better defense.} Bxd4 28. Rxf7 Rxf7 29. Qxd4) 27... Be5 28. Nxe6 Rxf1+ 29. Rxf1 Rxf1+ 30. Qxf1 Qxe4 {[%emt 0:00:00] KQB-KQN} 31. a4 Qg6 32. Qf8+ $2 (32. Nd8) 32... Kh7 {[%emt 0:00:00] ( -> ...Qb1+)} 33. Nf4 Qe4 $1 {[%emt 0:00:00][%csl LRc4,LRf4] Weighted Error Value: White=0.52/Black=0.08 (flawless)} 0-1

[Event "Charlotte IM-C May 2022"]
[Site "Charlotte"]
[Date "2022.05.07"]
[Round "5.5"]
[White "Canty, James"]
[Black "Zapata, Alonso"]
[Result "0-1"]
[ECO "B48"]
[WhiteElo "2225"]
[BlackElo "2367"]
[Annotator "TA"]
[PlyCount "50"]
[EventDate "2022.05.04"]
[EventType "tourn"]
[EventCountry "USA"]
[SourceTitle "playchess.com"]
[Source "ChessBase"]
[SourceQuality "1"]
[TimeControl "5400+30"]

1. e4 c5 2. Nf3 Nc6 3. d4 cxd4 4. Nxd4 e6 5. Nc3 Qc7 6. Be3 a6 7. g4 {[%emt 0:00:06] B48: Sicilian: Taimanov: 5 Nc3 Qc7 6 Be3 a6 without Be2.} Bb4 8. Nxc6 bxc6 (8... Bxc3+ $11 {remains equal.} 9. bxc3 bxc6) 9. Qd4 $16 {[%emt 0:01:42][%csl LRb4,LRg7] White is better.} Be7 {[%emt 0:00:35] [#]} 10. O-O-O $146 (10. Qxg7 Bf6 11. Bh6 Bxg7 $17) ({Predecessor:} 10. g5 e5 11. Qd2 h6 12. gxh6 Nxh6 13. Rg1 Bf6 14. O-O-O Rb8 15. Bc5 d5 16. exd5 Bg4 17. Be2 Bxe2 18. Qxe2 Qa5 19. Bd6 Rb7 20. dxc6 Ra7 21. Rd5 {1-0 (21) Piccoli,L (2075)-Ferreira,A Cuiaba 2021}) 10... c5 (10... h6 $14) 11. Qd2 $1 (11. Qxg7 Bf6 12. Bh6 Bxg7 $17) 11... Nf6 12. f3 O-O 13. g5 Ne8 14. f4 ({White should try} 14. h4 $16) 14... Rb8 $14 15. f5 (15. Rg1 $14) 15... Bd6 $1 $11 16. Qf2 (16. f6 $11) 16... Be5 $1 $17 17. Bxc5 Bxc3 (17... Qb7 18. b3 $1 d6 19. Bd4 $14) 18. bxc3 {[%emt 0:00:16] Strongly threatening fxe6.} d6 $1 19. Ba3 Qxc3 20. Rd3 Qa1+ 21. Kd2 Rb1 {[%emt 0:04:18][%cal Bb8b1,Bb1d1,Bd1d3][%mdl 32] White must now prevent ...exf5.} 22. Qd4 {[%emt 0:03:31] [#]} Rd1+ ({Resist} 22... Qxa2 23. e5 $16 (23. Bg2 e5 $11)) (22... exf5 $6 23. Qxa1 Rxa1 24. Bg2 Rxh1 25. Bxh1 $11) 23. Ke3 {[%emt 0:00:33] [#]} Rxd3+ 24. Qxd3 (24. Kxd3 $17 {was worth a try.} Qd1+ 25. Ke3 Qe1+ 26. Kd3 (26. Kf3 $2 exf5 27. Bb4 Qh4 $19)) 24... exf5 {[%emt 0:00:26] Threatens to win with ...Qe1+.} 25. exf5 $2 (25. Bg2 {is more resistant.} Qe5 26. Qd4 f4+ 27. Kd3 Qxg5 28. Bf3) 25... Qe5+ $2 {[%emt 0:01:18] Weighted Error Value: White=0.54/Black=0.11 (very precise)} (25... Qe1+ 26. Qe2 Qa5) 0-1

[Event "Charlotte IM-C May 2022"]
[Site "Charlotte"]
[Date "2022.05.07"]
[Round "6.1"]
[White "Martin Del Campo Cardenas, Roberto Abel"]
[Black "Zapata, Alonso"]
[Result "1/2-1/2"]
[WhiteElo "2263"]
[BlackElo "2367"]
[Annotator "TA"]
[PlyCount "33"]
[EventDate "2022.05.04"]
[EventType "tourn"]
[EventCountry "USA"]
[SourceTitle "playchess.com"]
[Source "ChessBase"]
[SourceQuality "1"]
[TimeControl "5400+30"]

1. e4 e5 2. Nf3 Nc6 3. Bb5 a6 4. Bxc6 dxc6 5. O-O f6 6. d4 exd4 7. Nxd4 c5 8. Nb3 Qxd1 9. Rxd1 {[%emt 0:00:37] [#]} {Predecessor:} b6 $146 {C69: Ruy Lopez: Exchange Variation with 5 0-0 f6.} 10. Bf4 Ra7 11. Nc3 Ne7 12. a4 Ng6 13. Bg3 Be6 14. a5 b5 15. Nd5 Bd6 16. f3 c4 17. Bf2 {1-0 (26) Guseinov,G (2661)-Alekseenko,K (2702) Chess.com INT 2022} 1/2-1/2

[Event "Charlotte IM-C May 2022"]
[Site "Charlotte"]
[Date "2022.05.07"]
[Round "6.2"]
[White "Johnson, Donald"]
[Black "Canty, James"]
[Result "0-1"]
[ECO "B62"]
[WhiteElo "2102"]
[BlackElo "2225"]
[Annotator "TA"]
[PlyCount "88"]
[EventDate "2022.05.04"]
[EventType "tourn"]
[EventCountry "USA"]
[SourceTitle "playchess.com"]
[Source "ChessBase"]
[SourceQuality "1"]
[TimeControl "5400+30"]

1. e4 c5 2. Nf3 d6 3. d4 cxd4 4. Nxd4 Nf6 5. Nc3 Nc6 6. Bg5 e6 7. Qd3 Be7 {[%emt 0:00:03] Recently 7...Bd7 got a lot of attention.} 8. O-O-O O-O 9. h4 {[%emt 0:00:14] B62: Sicilian: Richter-Rauzer: 6...e6: Unusual White 7th moves.} Qb6 10. Be2 {[%emt 0:23:25] [#]} Bd7 $146 ({Predecessor:} 10... Rd8 11. Nxc6 bxc6 12. Qg3 Rb8 13. b3 Kh8 14. e5 dxe5 15. Qxe5 Ba6 16. Na4 Qb7 {½-½ (42) Kosakowski,J (2437)-Fiedorek,M (2337) Pokrzywna 2021}) 11. Nxc6 {[%emt 0:04:17] White has an edge.} Bxc6 12. h5 Rac8 (12... h6 $1 $11 13. Be3 Qc7) 13. Qf3 (13. h6 $14 g6 14. Qh3) 13... Qa5 14. Bd2 {[%emt 0:02:35] [#] White does not recover from this.} (14. Bh4 $17 {was called for.}) 14... Nxe4 $1 $19 15. Nxe4 Qxa2 16. Bc3 {[%emt 0:07:07][%cal Oe2c4] [#]} Bg5+ $1 17. Nxg5 Bxf3 {[%emt 0:00:04] Really sharp!} 18. gxf3 (18. Nxf3 Rc5 19. Nd4) 18... b5 {[%emt 0:00:54][%cal Ob5b4] Hoping for ...b4!} 19. Ne4 $2 (19. Bd3 h6 20. Ne4) 19... b4 20. Bxb4 {[%emt 0:01:40] Threatens to win with Nc3.} Qa1+ 21. Kd2 Qxb2 22. Bc3 {[%emt 0:02:12] [#]} Rxc3 23. Nxc3 Rc8 24. Bd3 Qxc3+ 25. Ke2 Qe5+ 26. Kf1 a5 27. Rh4 Qf6 28. Ra4 Qxf3 29. Rda1 Qh1+ 30. Ke2 Qxh5+ 31. Kd2 Qg5+ 32. Ke2 Qe5+ 33. Kd2 Qc3+ 34. Ke2 Rc5 35. Rb1 g6 36. Rf4 Qe5+ 37. Kf3 Qh5+ 38. Ke3 Qh6 39. Rb8+ Kg7 {[%emt 0:00:08] ( -> ...Re5+)} 40. Rb7 Re5+ 41. Be4 d5 42. Rbxf7+ Kg8 43. Rf8+ Qxf8 44. Rxf8+ Kxf8 {[%emt 0:00:04] Weighted Error Value: White=0.74/Black=0.12 (very precise)} 0-1

[Event "Charlotte IM-C May 2022"]
[Site "Charlotte"]
[Date "2022.05.07"]
[Round "6.3"]
[White "Wang, Tianqi"]
[Black "Rorrer, Grayson"]
[Result "1-0"]
[ECO "B22"]
[WhiteElo "2331"]
[BlackElo "2204"]
[Annotator "TA"]
[PlyCount "51"]
[EventDate "2022.05.04"]
[EventType "tourn"]
[EventCountry "USA"]
[SourceTitle "playchess.com"]
[Source "ChessBase"]
[SourceQuality "1"]
[TimeControl "5400+30"]

1. e4 c5 2. c3 d5 3. exd5 Qxd5 4. d4 Nf6 5. Nf3 Bg4 6. Nbd2 Nc6 7. dxc5 {[%emt 0:00:21] B22: Sicilian: 2 c3.} e6 {[%emt 0:00:53] [#]} 8. b4 $146 ({Predecessor:} 8. Nb3 Qxd1+ 9. Kxd1 a5 10. a4 e5 11. Ke1 Be6 12. Nfd2 Be7 13. Bb5 O-O 14. Nc4 Rfc8 {1-0 (49) Gonzalez Sanchez,F (2242)-Duran Vallverdu,J (2317) ICCF email 2016}) 8... O-O-O (8... a5 $11 {keeps the balance.}) 9. Bc4 {[%emt 0:19:34] White is better.} Qh5 10. O-O {[%emt 0:06:11] [#] And now Qa4 would win.} Ne5 $1 {[%emt 0:00:00] aiming for ...Bxf3.} 11. Qe2 Nxc4 (11... Bxf3 $16 12. Nxf3 Nxf3+ 13. gxf3 Nd5) 12. Qxc4 $18 ({Don't take} 12. Nxc4 $6 Bxf3 13. gxf3 (13. Qxf3 Qxf3 14. gxf3 Be7 $14) 13... Qg6+ 14. Kh1 Qd3 15. Qxd3 Rxd3 $16) 12... Qd5 13. Qxd5 (13. Qb5 $18) 13... Nxd5 $14 14. Ne5 Bh5 15. Ne4 {[%emt 0:00:11] Black must now prevent g4. Pair of Knights!} (15. g4 $5 Bg6 16. Nxg6 hxg6 17. Nc4 $14) 15... f6 16. Nf3 Be7 17. a3 $36 {[%emt 0:12:55][%mdl 2048] White has some pressure.} Bg6 18. Re1 f5 (18... Nc7 $11 {remains equal.}) 19. Nd6+ $16 Bxd6 20. cxd6 Nxc3 {[%emt 0:06:00][%mdl 8192] [#]} (20... Rxd6 $16 {was called for.} 21. c4 Nf6) 21. Bg5 $1 $18 ({Not} 21. Bb2 Nd5 22. Rxe6 Rhe8 23. Rxe8 Bxe8 24. Bxg7 Rxd6 $16) 21... Ne4 22. Rac1+ {[%emt 0:01:29][%cal Ba1c1,Bc1c7,Bc7g7][%mdl 32] White is clearly winning.} Kb8 23. Bxd8 Rxd8 24. Rc7 Nxd6 25. Rxg7 Nf7 26. h4 {[%emt 0:00:00] Weighted Error Value: White=0.12 (very precise) /Black=0.50} 1-0

[Event "Charlotte IM-C May 2022"]
[Site "Charlotte"]
[Date "2022.05.07"]
[Round "6.5"]
[White "King, Alexander"]
[Black "Andrews, Todd"]
[Result "1-0"]
[ECO "B06"]
[WhiteElo "2283"]
[BlackElo "2209"]
[Annotator "TA"]
[PlyCount "99"]
[EventDate "2022.05.04"]
[EventType "tourn"]
[EventCountry "USA"]
[SourceTitle "playchess.com"]
[Source "ChessBase"]
[SourceQuality "1"]
[TimeControl "5400+30"]

1. d4 g6 2. e4 Bg7 3. Nc3 c5 4. dxc5 Na6 5. Bxa6 bxa6 6. Nge2 {[%emt 0:08:22] B06: Modern Defence.} Qa5 {[%emt 0:10:43] [#]} 7. Be3 $146 ({Predecessor:} 7. O-O Qxc5 8. Be3 Qa5 9. Bd4 e5 10. Be3 Nf6 11. Qd6 Bb7 12. Bc5 Ng8 13. f4 {0-1 (40) Leopold,C (1984)-Kampmann,L (2182) Bayern 2011}) 7... Rb8 8. Rb1 {[%emt 0:07:31] White is clearly better.} Nf6 9. f3 O-O 10. O-O Qc7 11. Qe1 a5 12. Qf2 Ba6 13. Rfd1 Rb7 14. b3 e6 (14... Bxe2 $142 15. Nxe2 Rfb8) 15. Bf4 e5 16. Bg5 {[%emt 0:01:35] [#] Black must now prevent Bxf6.} Bxe2 17. Nxe2 Rc8 18. Be3 Bf8 19. c4 Bxc5 20. Bxc5 Qxc5 21. Qxc5 Rxc5 22. Nc3 Kg7 23. Rbc1 h5 24. h4 Kf8 25. Rd3 Ke7 26. Rcd1 Rbc7 27. Rd6 R5c6 {[%emt 0:05:06] Inhibits Ra6.} 28. R6d3 {[%emt 0:04:18] White is much more active.} Rc5 $1 29. Kf2 {[%emt 0:00:25] White stays focused until the end.} Rb7 30. Ke3 Rbc7 31. Kd2 Rb7 {[%emt 0:00:23] [#]} 32. Kc2 $1 Ne8 (32... Kf8 $16 33. Nd5 Ne8) 33. Rd5 $18 Rxd5 34. Rxd5 {[%emt 0:00:08][%mdl 4096] Endgame KRN-KRN} d6 35. Rxa5 f5 $2 (35... Nc7 36. a4 f6) 36. Nb5 fxe4 37. fxe4 g5 (37... Nf6 $142 38. Kd3 (38. Rxa7 Rxa7 39. Nxa7 Nxe4 $18) (38. Nxa7 Nxe4 39. Nb5 Rb8 $18) 38... Ng4) 38. hxg5 Kf7 39. Rxa7 Rxa7 40. Nxa7 {[%emt 0:00:06] KN-KN} Kg6 41. Nb5 {[%emt 0:00:36] And now a4 would win.} Kxg5 42. a4 {[%emt 0:00:22][%cal Ba2a4,Ba4a5,Ba5a6,Ba6a7][%mdl 32] Threatening mate with a5.} Kf4 43. a5 {[%emt 0:00:27] White mates.} Nf6 44. a6 Nd7 45. a7 Nb6 46. Nxd6 Kg3 47. c5 Na8 48. b4 Kxg2 49. Nf5 Kf3 50. Kd3 {[%emt 0:00:12] Weighted Error Value: White=0.10 (very precise) /Black=0.29 (precise)} 1-0

[Event "Charlotte IM-C May 2022"]
[Site "Charlotte"]
[Date "2022.05.07"]
[Round "7.1"]
[White "Andrews, Todd"]
[Black "Martin Del Campo Cardenas, Roberto Abel"]
[Result "1/2-1/2"]
[ECO "B56"]
[WhiteElo "2209"]
[BlackElo "2263"]
[Annotator "TA"]
[PlyCount "33"]
[EventDate "2022.05.04"]
[EventType "tourn"]
[EventCountry "USA"]
[SourceTitle "playchess.com"]
[Source "ChessBase"]
[SourceQuality "1"]
[TimeControl "5400+30"]

1. e4 c5 2. Nf3 d6 3. d4 cxd4 4. Nxd4 Nf6 5. Nc3 e5 6. Bb5+ Nbd7 7. Nf5 a6 8. Ba4 b5 {[%emt 0:01:20] B56: Classical Sicilian: Unusual Lines.} 9. Bb3 Nc5 10. Bg5 Bxf5 {[%emt 0:02:31] White is slightly better.} 11. exf5 Be7 12. Bxf6 Bxf6 13. Bd5 {[%emt 0:00:25] Inhibits e4. Hoping for Bc6+.} Rc8 {[%emt 0:01:01][%cal Oe5e4] Inhibits Bc6+.} 14. O-O O-O {[%emt 0:00:17][%cal Oe5e4] [#]} 15. b4 $146 {[%emt 0:01:44] [#]} (15. Rb1 $11) ({Predecessor:} 15. Re1 e4 16. Nxe4 Nxe4 17. Rxe4 Bxb2 18. Rb1 Bc3 19. Qd3 Rc5 20. a4 b4 21. Rd1 {1-0 (67) Olivier,J (2389)-Vernay,C (2293) Grenoble 2006}) 15... e4 $1 $17 16. bxc5 Bxc3 17. Rb1 {[%emt 0:01:55] Weighted Error Value: White=0.27 (precise) /Black=0.00 (flawless)} 1/2-1/2

[Event "Charlotte IM-C May 2022"]
[Site "Charlotte"]
[Date "2022.05.08"]
[Round "7.2"]
[White "Fawole, John Oyeyemi"]
[Black "King, Alexander"]
[Result "0-1"]
[ECO "D36"]
[WhiteElo "2118"]
[BlackElo "2283"]
[Annotator "TA"]
[PlyCount "78"]
[EventDate "2022.05.04"]
[EventType "tourn"]
[EventCountry "USA"]
[SourceTitle "playchess.com"]
[Source "ChessBase"]
[SourceQuality "1"]
[TimeControl "5400+30"]

1. d4 Nf6 2. c4 e6 3. Nc3 d5 4. cxd5 exd5 5. Bg5 c6 6. e3 Be7 7. Bd3 Nbd7 8. Qc2 h6 9. Bh4 Nh5 {[%emt 0:00:21] is now debated instead of 9...0-0.} 10. Bxe7 {[%emt 0:02:34] D36: Queen's Gambit Declined: Exchange Variation: Main line (5 Bg5 c6 6 Qc2).} Qxe7 11. O-O-O Nb6 12. h3 {[%emt 0:00:43] White has an edge.} Be6 13. Nf3 Nf6 14. Ne5 O-O-O 15. Kb1 Kb8 16. f4 Nfd7 {[%emt 0:06:26] [#]} 17. Nxc6+ $146 ({Predecessor:} 17. g4 Nxe5 18. dxe5 d4 19. exd4 Rxd4 20. Ne4 Bd5 21. Rhe1 Bxe4 22. Bxe4 Rhd8 23. Rxd4 Rxd4 {1-0 (30) Begunov,K (2325)-Muhammed,S (1925) Chess.com INT 2021}) 17... bxc6 18. f5 Bxf5 $1 19. Bxf5 Nc4 20. Qa4 $2 (20. Rhe1 $14 {stays ahead.}) 20... Ndb6 $17 {[%emt 0:02:48] Active counter play! Pair of Knights!} 21. Qb3 ({Don't blunder} 21. Qxc6 $2 Qb4 22. b3 Rd6 23. Nxd5 Rxd5 $19) 21... Qxe3 {[%emt 0:01:37] [#] White must now prevent ...Nd2+.} 22. Na4 $2 {[%emt 0:01:52][%mdl 8192] White does not recover from this.} (22. Ka1 $17 {is a better chance.}) 22... Qxb3 $19 23. axb3 Ne3 24. Nxb6 axb6 ({Inferior is} 24... Nxf5 25. Na4 $17) 25. Bd3 Nxd1 {[%emt 0:00:09] Black is clearly winning.} 26. Rxd1 {[%emt 0:00:04][%mdl 4096] Endgame KRR-KRB} Rhe8 27. Rf1 Re3 28. Kc2 Rd7 29. b4 b5 30. Kd2 Rde7 31. Rf2 g6 32. Rf6 R3e6 33. Rf3 Kc7 34. Rf1 Kd7 35. Rf2 Ke8 36. Rf3 Kf8 37. h4 h5 38. Rf1 Kg7 39. Rf3 Rf6 {[%emt 0:00:11] Weighted Error Value: White=0.51/Black=0.05 (flawless)} 0-1

[Event "Charlotte IM-C May 2022"]
[Site "Charlotte"]
[Date "2022.05.08"]
[Round "7.3"]
[White "Rorrer, Grayson"]
[Black "Andrianov, Nikolai"]
[Result "1/2-1/2"]
[ECO "B63"]
[WhiteElo "2204"]
[BlackElo "2317"]
[Annotator "TA"]
[PlyCount "55"]
[EventDate "2022.05.04"]
[EventType "tourn"]
[EventCountry "USA"]
[SourceTitle "playchess.com"]
[Source "ChessBase"]
[SourceQuality "1"]
[TimeControl "5400+30"]

1. e4 c5 2. Nf3 d6 3. d4 cxd4 4. Nxd4 Nf6 5. Nc3 Nc6 6. Bg5 e6 7. Qd2 h6 8. Bxf6 gxf6 9. O-O-O a6 10. f4 Qb6 {[%emt 0:00:26] B63: Sicilian: Richter-Rauzer: 7...Be7 and unusual Black 7th moves.} 11. Nxc6 bxc6 12. Bc4 Rb8 {[%emt 0:05:30][%csl Gb8][%cal Rb6b2] [#] White is better.} 13. Bb3 $1 {[%emt 0:00:32] [#] Active counter play!} a5 $146 ({Predecessor:} 13... h5 14. Kb1 Be7 15. f5 Qc5 16. Rhf1 Qe5 17. Rf3 a5 18. Rh3 Rb4 19. g4 h4 {1-0 (43) Rogic,D (2280)-Sale,S (2365) Pula 1993}) 14. Kb1 h5 15. g3 Be7 16. Ka1 Bd7 17. f5 Rb7 18. fxe6 fxe6 19. Rb1 Qc5 20. a3 Kd8 21. Ne2 e5 {[%emt 0:00:54] Prevents Nf4.} 22. Rhf1 Bg4 23. Ba2 Kc7 24. Nc1 a4 {[%emt 0:07:18] Inhibits Nb3.} 25. Nd3 Qd4 26. Qa5+ Kd7 27. Qd2 Kc7 28. Qa5+ {[%emt 0:05:56] Weighted Error Value: White=0.09 (flawless) /Black=0.04 (flawless)} 1/2-1/2

[Event "Charlotte IM-C May 2022"]
[Site "Charlotte"]
[Date "2022.05.08"]
[Round "7.4"]
[White "Canty, James"]
[Black "Wang, Tianqi"]
[Result "0-1"]
[ECO "C12"]
[WhiteElo "2225"]
[BlackElo "2331"]
[Annotator "TA"]
[PlyCount "80"]
[EventDate "2022.05.04"]
[EventType "tourn"]
[EventCountry "USA"]
[SourceTitle "playchess.com"]
[Source "ChessBase"]
[SourceQuality "1"]
[TimeControl "5400+30"]

1. e4 e6 2. d4 d5 3. Nc3 Nf6 4. Bg5 h6 5. Bxf6 Qxf6 6. e5 {[%emt 0:01:20] C12: French: Classical System: McCutcheon Variation.} (6. exd5 $14 Bb4 7. Bb5+ Bd7 8. Bxd7+ Nxd7 9. dxe6 (9. Nge2 exd5 10. a3 Bxc3+ 11. Nxc3 c6 $11) 9... Qxe6+ 10. Qe2) 6... Qd8 $11 7. Qg4 {[%emt 0:00:55] [#]} Bd7 $146 ({Predecessor:} 7... c5 8. Nf3 a6 9. Bd3 Qc7 10. O-O cxd4 11. Qxd4 Nc6 12. Qf4 Bd7 13. a3 Rc8 {0-1 (33) Bardin,C (1620)-Scheuerlein,G (1596) Bad Wiessee 2012}) 8. O-O-O {[%emt 0:00:37] The position is equal.} Qg5+ 9. Qxg5 hxg5 10. Nf3 Be7 11. Be2 a6 12. Nb1 Bb5 (12... c5 $17 {Threatens to win with ...Nc6.} 13. h3 cxd4) 13. Bxb5+ (13. Nc3 $15) 13... axb5 $17 14. a3 Nd7 (14... g4 $17 15. Nfd2 c5) 15. h3 $15 c6 16. Rhe1 Nf8 17. Rh1 Ng6 {[%emt 0:00:00] Black continues to play with concentration.} 18. g3 Kd7 19. Nbd2 Rh7 {[%emt 0:00:00] Black is more active.} (19... b4 $6 20. axb4 f6 21. exf6 (21. c3 Ra1+ 22. Kc2 Rxd1 $11) 21... gxf6 22. c3 $11) 20. Rh2 $1 f6 21. c3 (21. exf6 $1 $15 gxf6 22. c3) 21... Rf8 (21... fxe5 $17 {aiming for ...e4.} 22. dxe5 g4 23. hxg4 Rxh2 24. Nxh2 Nxe5) 22. b4 {[%emt 0:00:00] [#]} (22. exf6 $15 gxf6 23. Rdh1) 22... fxe5 $1 $19 23. Nxe5+ Nxe5 24. dxe5 g4 25. h4 (25. Rdh1 $142 Rxh3 26. Rxh3 gxh3 27. f4) 25... Rh5 26. Re1 g5 27. Rg2 gxh4 28. gxh4 Rf4 ({And not} 28... Bxh4 29. Rh1 $17) 29. Re2 Rxh4 ({Don't blunder} 29... Bxh4 $2 30. Nb3 $19) 30. Kc2 b6 31. Re3 c5 32. Reg3 Rf5 ({Stronger than} 32... cxb4 33. axb4 Rf5 34. f3 $17) 33. Nf1 Rxe5 {[%emt 0:00:00] [#] Hoping for ...Re2+.} 34. Ne3 Bg5 35. Nxg4 (35. Rxg4 {might work better.} Rxg4 36. Nxg4) 35... Re2+ 36. Kd1 Rd2+ 37. Ke1 Ra2 38. Ne5+ (38. Rh2 $142 Rxh2 39. Nxh2) 38... Kd6 39. Nf3 Re4+ 40. Kd1 Ra1+ {[%emt 0:00:00] Weighted Error Value: White=0.58/Black=0.14 (very precise)} 0-1

[Event "Charlotte IM-C May 2022"]
[Site "Charlotte"]
[Date "2022.05.08"]
[Round "8.1"]
[White "Martin Del Campo Cardenas, Roberto Abel"]
[Black "Johnson, Donald"]
[Result "1/2-1/2"]
[ECO "C47"]
[WhiteElo "2263"]
[BlackElo "2102"]
[Annotator "TA"]
[PlyCount "119"]
[EventDate "2022.05.04"]
[EventType "tourn"]
[EventCountry "USA"]
[SourceTitle "playchess.com"]
[Source "ChessBase"]
[SourceQuality "1"]
[TimeControl "5400+30"]

1. e4 e5 2. Nf3 Nc6 3. Nc3 Nf6 4. d4 exd4 5. Nd5 Nb4 6. Bc4 Nbxd5 {[%emt 0:00:00] C47: Scotch Four Knights and Four Knights with 4 g3.} 7. exd5 Bb4+ 8. Bd2 {[%emt 0:00:12] 8.Kf1 deserves study.} Qe7+ {[%emt 0:00:00] Black is slightly better.} 9. Qe2 Bxd2+ 10. Kxd2 Qxe2+ $1 11. Kxe2 c5 12. dxc6 $1 bxc6 13. Nxd4 d5 14. Bb3 Bd7 15. Ba4 c5 16. Bxd7+ Kxd7 17. Nb3 Rhe8+ 18. Kf3 {[%emt 0:03:05] [#]} Ne4 $146 ({Predecessor:} 18... Kc6 19. Rhe1 Nd7 20. g3 Ne5+ 21. Kg2 Nc4 22. Rab1 Rxe1 23. Rxe1 Kd6 24. Rb1 Rb8 {0-1 (36) Koronghy,G (2056)-Dankhazi,A (2289) Ajka 2018}) 19. Rad1 Re5 20. Rhe1 Kc6 21. c4 (21. Ke2 $15) 21... Rae8 $1 $17 (21... dxc4 $6 22. Na5+ Kb5 23. Nxc4 $1 Ng5+ 24. Kg3 Rxe1 25. Na3+ Kc6 26. Rxe1 $11) 22. cxd5+ (22. Rxd5 $17 Nd2+ 23. Kg3 Rxe1 24. Rxc5+ Kb7 25. Nxd2) 22... Kd6 $19 23. Rf1 (23. Rxe4 $142 Rxe4 24. Rc1) 23... Rf5+ {[%emt 0:00:00][%mdl 64] Skewer, Deflection} 24. Kg4 Rxf2 25. Na5 Rxg2+ 26. Kh3 Rc2 27. Nb7+ Kc7 $1 28. Rxf7+ Kb6 $1 29. Rg1 {[%emt 0:01:05] [#] Against Ng5+} Re5 $2 (29... Rxb2 30. d6 Nf6 31. d7 Re3+ 32. Rg3 Rxg3+ 33. Kxg3 Nxd7 34. Rxd7 $11) (29... g5 $1 $19 {Threatens to win with ...h5.} 30. Rg2 g4+ 31. Rxg4 Nf2+ 32. Rxf2 Rxf2) 30. Rgxg7 (30. d6 $142 Rh5+ 31. Kg4 Rg5+ 32. Kf4 Nxd6 33. Rxg5 Nxf7 34. Rxg7) 30... Rxd5 $17 {[%emt 0:00:00] ...Ng5+ is the strong threat.} (30... Rxb2 31. d6 $14) 31. Re7 Rh5+ (31... Rd3+ $17 32. Kg4 Rd4 33. Re6+ Nd6+ 34. Kh3 Rd3+ 35. Rg3 Rxg3+ 36. Kxg3 Kxb7 37. Rxd6 Rxb2 38. Rd7+ Kb6 39. Rxh7 c4) 32. Kg4 $11 Nf6+ 33. Kg3 {[%emt 0:00:23] Black must now prevent Re6+.} Rhxh2 34. Re6+ Kb5 35. Nd6+ {[%emt 0:00:49][%mdl 64] Discovered Attack} Kc6 {[%emt 0:16:00] And now ...Nh5+ would win.} 36. Rxf6 (36. Ne8+ $11 Kd5 37. Rd6+ (37. Rxf6 Rcg2+ 38. Kf3 Rf2+ 39. Kg4 Rfg2+ 40. Kf5 Rf2+ 41. Kg5 Rfg2+ 42. Kf5 Rf2+ 43. Kg5 Rfg2+ 44. Kf5 $11) 37... Kc4 38. b3+ (38. Rxf6 Rcg2+ 39. Kf3 Rf2+ 40. Kg3 Rfg2+ 41. Kf4 Rf2+ 42. Kg5 Rhg2+ 43. Kh6 Rh2+ 44. Kg5 Rhg2+ 45. Kh6 Rh2+ 46. Kg5 $11) 38... Kc3 39. Rxf6 Rcg2+ 40. Kf3 Rf2+ 41. Ke4 Re2+ 42. Kd5 Rxe8 43. Rf3+ (43. Rxa7 Rc8 $11) 43... Kb2 44. Rxa7) 36... Rcg2+ $15 {[%emt 0:00:00][%mdl 64] Skewer} 37. Kf4 {[%emt 0:01:18] Threatening mate with Nc4+.} Rf2+ {[%emt 0:00:00][%mdl 64] Skewer} (37... Rh4+ $2 38. Kf3 Rxg7 39. Nf5+ Kc7 40. Nxh4 $18) 38. Kg3 $1 Rhg2+ 39. Kh3 Rxg7 40. Rxf2 {[%emt 0:01:17] Strongly threatening Nc4.} Kxd6 {[%mdl 4096] Endgame KR-KR} 41. Rf6+ $2 (41. Rf4 $15) 41... Kd5 $2 (41... Ke5 $19 42. Ra6 c4) 42. b3 $1 c4 43. Rf5+ $2 (43. bxc4+ $15 Kxc4 44. Rf4+ Kb5 45. Rd4) 43... Ke4 $19 44. Rc5 cxb3 45. axb3 Kd4 $2 (45... Rb7 $19 {is more deadly.} 46. Rc3 Kd4) 46. Rb5 $17 Kc3 47. Kh4 Kd4 ({Black should play} 47... Kb2 $17 48. Kh5 a6) 48. Kh5 (48. Kh3 $1 $11 {was the only way to keep the balance.}) 48... a6 49. Rb6 {[%emt 0:00:19] [#]} Ra7 (49... Rg6 $1 $17 50. Rb7 Kc3) 50. b4 $11 {[%emt 0:00:16] The position is equal.} Ke5 51. b5 axb5 52. Rxb5+ Kf6 53. Rb6+ Kg7 54. Rb5 Rf7 55. Rg5+ Kh8 56. Ra5 Rb7 57. Kh6 {[%emt 0:00:17] aiming for Ra8+.} Rb6+ 58. Kh5 h6 59. Ra7 Kg8 60. Rc7 {[%emt 0:00:04] Weighted Error Value: White=0.34/Black=0.29 (precise)} 1/2-1/2